 Dungeon Crawl Stone Soup version 0.24.0-13-gcf9b319 (webtiles) character file.

Game seed: 16110040631723048661, levelgen mode: deterministic

84 Bronimir the Firebug (level 4, -21/40 HPs)
             Began as an Ogre Fire Elementalist on Mar 2, 2020.
             Was an Initiate of Okawaru.
             Engulfed by a cloud of flame (37 damage)
             ... on level 3 of the Dungeon.
             The game lasted 00:07:31 (2688 turns).

Bronimir the Firebug (Ogre Fire Elementalist)       Turns: 2688, Time: 00:07:36

Health: -21/40     AC:  3    Str: 13    XL:     4   Next: 45%
Magic:  8/8        EV: 10    Int: 16    God:    Okawaru [......]
Gold:   112        SH:  0    Dex:  9    Spells: 3/9 levels left

rFire    . . .     SeeInvis .   a - +4 hand axe (vamp)
rCold    . . .     Gourm    .   (no shield)
rNeg     . . .     Faith    .   m - +0 robe
rPois    .         Spirit   .   (helmet restricted)
rElec    .         Reflect  .   (no cloak)
rCorr    .         Harm     .   (gloves unavailable)
MR       .....                  (boots unavailable)
Stlth    +.........             (no amulet)
HPRegen  0.13/turn              (no ring)
MPRegen  0.11/turn              (no ring)

@: no status effects
A: large, unfitting armour, tough skin 1
a: Renounce Religion


You were on level 3 of the Dungeon.
You worshipped Okawaru.
Okawaru was noncommittal.
You were not hungry.

You visited 1 branch of the dungeon, and saw 3 of its levels.

You collected 112 gold pieces.

Inventory:

Hand Weapons
 a - a +4 vampiric hand axe (weapon)
 h - a +0 short sword
 r - a +0 club
 t - a +0 whip
 B - a +0 flail
 D - a +0 spear
Missiles
 b - 52 sling bullets
 d - 106 stones
 i - 23 bolts
 A - 8 boomerangs (quivered)
Armour
 m - a +0 robe (worn)
 u - a +2 shield
Jewellery
 p - an uncursed ring of positive energy
 y - a +3 ring of dexterity {unknown}
Scrolls
 f - 3 scrolls of identify
 g - 2 scrolls of remove curse
 j - a scroll of magic mapping
 q - a scroll of immolation
Potions
 k - a potion of brilliance {unknown}
 l - a potion of degeneration {unknown}
 o - a potion of haste {unknown}
 s - 2 potions of heal wounds
 v - a potion of lignification {unknown}
 w - a potion of might {unknown}
 x - a potion of curing {unknown}
Comestibles
 c - 4 rations
 C - 7 chunks of flesh


   Skills:
 + Level 0.6 Fighting
 + Level 1.2 Polearms
 + Level 2.2 Dodging
 - Level 1.4 Stealth
 * Level 0.4 Shields
 + Level 3.1 Spellcasting
 * Level 1.4 Conjurations
 * Level 3.3 Fire Magic


You had 3 spell levels left.
You knew the following spells:

 Your Spells              Type           Power        Failure   Level  Hunger
a - Flame Tongue          Conj/Fire      ##...        7%          1    #......
b - Throw Flame           Conj/Fire      ##....       11%         2    ##.....
c - Conjure Flame         Conj/Fire      ##......     21%         3    ###....

Your spell library contained the following spells:

 Spells                   Type           Power        Failure   Level  Hunger
 Inner Flame              Hex/Fire       #.......     28%         3    ###....
 Sticky Flame             Conj/Fire      ##......     56%         4    #####..
 Fireball                 Conj/Fire      ##........   88%         5    ######.


Dungeon Overview and Level Annotations

Branches:
Dungeon (3/15)

Altars:
Okawaru


Innate Abilities, Weirdness & Mutations

You are too large for most types of armour.
You have tough skin. (AC +1)


Message History

The bat hits you but does no damage. The bat hits you but does no damage.
Found a ration.
The bat completely misses you.
Cornered, the rat turns to fight!
You slash the bat!
You feel better.
You kill the bat!
Okawaru accepts your kill.
No target in view!
No target in view!
No target in view!
The rat bites you but does no damage.
A rat is nearby!
You hit the rat.
The rat explodes!
The fiery explosion engulfs you!!
Ouch! That really hurt!
Okawaru accepts your kill.
You are engulfed in blazing flames.
Ouch! That really hurt!
You die...

***#.........#####*.......,*
#.#*
,,,.............$#*.......,*
#..*
***#.###########.#*..%....,*
##.# **#+**** #.#*.......,* *..
**,,,,,,*** ###.##†......,* *#.
*,,,,,,,,,** #............,* *.
,,,,,,,,,,,**#............,* *.
,,,,,,,,,,,,*#......####.#** *#
,,,,*****,,,*#..@####***,* #
,,,*,,,,*,,,,#..§§§.....,* #
,,,,*,*,*,,,,#.?§#######** #
,,,,*,,,,*,,,#...# *
*,,,*****,,,,+.###
*,,,,,,,,,,,,##* **,,,,,,,,,,,*
***,,,,,,,,,** ########
,,***,,,,,,******########......#


There were no monsters in sight!

Vanquished Creatures
  A hound zombie (D:2)
  An ooze (D:3)
  A dart slug (D:2)
  6 orcs (D:3)
  2 ball pythons (D:1)
  10 bats
  3 giant cockroaches
  3 goblins
  6 hobgoblins
  6 jackals
  5 frilled lizards
  6 kobolds
  6 rats
56 creatures vanquished.

Notes
Turn   | Place    | Note
-------+----------+-------------------------------------------
     0 | D:1      | Bronimir the Ogre Fire Elementalist began the quest for the
                  | Orb.
     0 | D:1      | Reached XP level 1. HP: 16/16 MP: 3/3
   355 | D:1      | Reached XP level 2. HP: 24/24 MP: 3/5
   471 | D:1      | Reached skill level 1 in Conjurations
   573 | D:1      | Learned a level 2 spell: Throw Flame
   897 | D:1      | Reached XP level 3. HP: 31/31 MP: 5/7
  1565 | D:2      | Found an iron altar of Okawaru.
  1588 | D:2      | Became a worshipper of Warmaster Okawaru
  2127 | D:3      | Reached XP level 4. HP: 37/40 MP: 8/8
  2165 | D:3      | Noticed an orc warrior
  2201 | D:2      | Learned a level 3 spell: Conjure Flame
  2520 | D:3      | Reached skill level 1 in Polearms
  2688 | D:3      | Engulfed by a cloud of flame

Levels and vault maps discovered:
D:1:      dpeg_arrival_brainrot, layout_basic, minmay_box_of_dots
D:2:      layout_loops_ring, grunt_decor_arrowhead, okawaru_gym_becter
D:3:      layout_basic, kennysheep_potato, uniq_crazy_yiuf_cottage

Skill      XL: |  1  2  3  4 |
---------------+-------------+-----
Fire Magic     | 3 |  3.3
Conjurations   | 1 |  1.4
Dodging        | 2 |  2.2
Spellcasting   | 3 |  3.1
Polearms       | 1 |  1.2
Fighting       | |  0.6
Stealth        | |  1.4
Shields        | |  0.4

Action                   |  1- 3 |  4- 6 || total
-------------------------+-------+-------++-------
Melee: Unarmed           |    14 |       ||    14
       Short sword       |    21 |       ||    21
       Club              |     2 |       ||     2
       Spear             |    59 |    12 ||    71
       Hand axe          |       |    11 ||    11
Throw: Stone             |     6 |    14 ||    20
       Boomerang         |       |     6 ||     6
 Cast: Flame Tongue      |    32 |    15 ||    47
  Use: Scroll            |       |    11 ||    11
 Stab: Sleeping          |     6 |       ||     6
  Eat: Chunk             |     3 |     3 ||     6
Armor: Robe              |    36 |    20 ||    56
Dodge: Dodged            |    64 |    15 ||    79
